 Dungeon Crawl Stone Soup version bcrawl-1.21.3-2-g9d8a61a446 (webtiles) character file.

Game seed: 1650974169488668902

3002 Chiseanne the Shooter (level 9, -5/66 HPs)
             Began as a Demonspawn Archaeologist on Apr 17, 2020.
             Was a Believer of Ru.
             Slain by an ogre
             ... wielding a +0 giant spiked club
              (20 damage)
             ... on level 7 of the Dungeon.
             The game lasted 00:21:42 (7243 turns).

Chiseanne the Shooter (Demonspawn Archaeologist)    Turns: 7243, Time: 00:21:42

Health: -5/66      AC: 14    Str: 17    XL:     9   Next: 54%
Magic:  16/16      EV: 20    Int: 15    God:    Ru [**....]
Gold:   438        SH:  0    Dex: 19    Spells: 15/18 levels left

rFire    . . .     SeeInvis .   w - +5 longbow (flame)
rCold    . . .     Gourm    .   (shield currently unavailable)
rNeg     . . .     Faith    .   F - +4 troll leather armour
rPois    .         Spirit   .   c - +1 hat
rElec    .         Reflect  .   (no cloak)
rCorr    .         Harm     .   b - +1 pair of gloves
MR       .....                  d - +2 pair of boots
Stlth    ..........             o - amulet of magic regeneration
HPRegen  0.61/turn              m - +4 ring of strength
MPRegen  0.40/turn              (no ring)

@: agile
A: antennae 1, claws 1, hooves 1, nightstalker 1, no stealth, inability to train
armour
a: Renounce Religion


You were on level 7 of the Dungeon.
You worshipped Ru.
Ru was pleased with you.
You were not hungry.

You visited 1 branch of the dungeon, and saw 8 of its levels.
You also visited: Ossuary.

You collected 438 gold pieces.

Inventory:

Hand Weapons
 a - a +2 dagger of speed
 w - a +5 longbow of flaming (weapon)
 D - the cursed +1 war axe of Kismet {chop, +Fly MR+ Int+2}
   (You found it on level 6 of the Dungeon)

   It inflicts extra damage upon your enemies.
   It affects your intelligence (+2).
   It affects your resistance to hostile enchantments.
   It lets you fly.
   It has a curse placed upon it.
Missiles
 h - 335 sling bullets
 j - 489 bolts
 l - 817 arrows (quivered)
 p - 197 poisoned needles
 r - a throwing net {!f}
 x - 395 tomahawks
 y - 276 stones
Armour
 b - a +1 pair of gloves (worn)
 c - a +1 hat (worn)
 d - a +2 pair of boots (worn)
 F - a +4 troll leather armour (worn)
 H - the +1 medium shield of the Mackerel {Int+7}
   (You found it on level 6 of the Dungeon)

   It affects your intelligence (+7).
Jewellery
 m - a +4 ring of strength (left hand)
 o - an amulet of magic regeneration (around neck)
Wands
 n - a wand of iceblast (8)
 B - a wand of enslavement (2)
 G - a wand of flame (28)
Scrolls
 f - 2 scrolls of amnesia
 g - a scroll of magic mapping
 i - 3 scrolls of remove curse
 v - a scroll of fog
 I - a scroll of immolation
Potions
 k - a potion of resistance
 q - a potion of flight
 t - 5 potions of brilliance
 u - 3 potions of mutation
 z - a potion of haste {unknown}
 A - 7 potions of curing
 C - a potion of cancellation {unknown}
 E - a potion of might {unknown}
 M - 2 potions of heal wounds
Comestibles
 e - 14 rations {!d}
 J - a chunk of flesh


   Skills:
 - Level 4.5 Fighting
   Level 0.8 Maces & Flails
 * Level 5.7 Bows
 - Level 4.9 Dodging
 * Level 5.2 Spellcasting
 * Level 5.3 Hexes


You had 15 spell levels left.
You knew the following spells:

 Your Spells              Type           Power        Failure   Level  Hunger
a - Confuse               Hex            ###.....     7%          3    ###....

Your spell library contained the following spells:

 Spells                   Type           Power        Failure   Level  Hunger
 Slow                     Hex            ###.....     2%          1    None
 Apportation              Tloc           #.....       21%         1    None
 Infusion                 Chrm           #.......     21%         1    None
 Sandblast                Erth           #.....       21%         1    None
 Summon Butterflies       Summ           #.......     21%         1    None
 Dazzling Spray           Conj/Hex       ##....       21%         3    ###....
 Passwall                 Tmut/Erth      #.......     30%         2    ##.....
 Stone Arrow              Conj/Erth      #.....       52%         3    ###....
 Yara's Violent Unravell  Hex/Tmut       ##........   54%         4    ####...
 Metabolic Englaciation   Hex/Ice        ##........   88%         5    ######.
 Petrify                  Tmut/Erth      #.......     89%         4    ####...
 Lee's Rapid Deconstruct  Erth           #.........   99%         5    ######.
 Mana Rupture             Conj/Hex       ##........   100%        7    #######


Dungeon Overview and Level Annotations

Branches:
Dungeon (8/12)             Temple (0/1) D:5            Lair (0/6) D:7
    Orc: D:8-11

Altars:
Ashenzari
Dithmenos
Elyvilon
Fedhas
Gozag
Kikubaaqudgha
Nemelex Xobeh
Okawaru
Ru
Vehumet
Xom
Yredelemnul
Zin
The Shining One

Annotations:
D:8 Grum


Innate Abilities, Weirdness & Mutations

You have a pair of small antennae on your head.
You have sharp fingernails.
You have large cloven feet.
You are slightly more attuned to the shadows.
You cannot be stealthy.
You cannot train Armour skill.


Message History

Aim: Grum, wielding a -2 glaive and wearing a +0 animal skin (severely wounded)
You shoot an arrow. The arrow hits Grum.
The arrow burns Grum.
Grum is severely wounded.
Grum hits you from afar with a -2 glaive!
Grum hits you from afar with a -2 glaive!
Grum closely misses you.
The ogre hits you with a +0 giant spiked club!
* * * LOW HITPOINT WARNING * * *
You climb upwards.
There is a stone staircase leading down, spattered with blood here.
You see here a wolf skeleton.
Okay, then.
You feel agile all of a sudden.
Firing (i - inventory. (/) - cycle)
l - 818 arrows (quivered)
Press: ? - help, Shift-Dir - straight line, f - ogre
Aim: an ogre, wielding a +0 giant spiked club You shoot an arrow.
The arrow hits the ogre!
The arrow burns the ogre.
The ogre is severely wounded.
The ogre hits you with a +0 giant spiked club!!
You die...

#..### # ###....# #
##.....######### #
####...##......##.# #
##.....###.÷....#..#### #
#........###>......##8## #
#..........÷..##...#...# #
###.......O..####..#...###
#.......@......).##.....∩
##....#.<....##.#..#...###
#..........###....##...# #
##...........###..####8##
# #...........####..######
# ##............##....# #
#.........##..##...# #
##....##.##...#....# #
#.........###......#######


You could see an ogre.

Vanquished Creatures
  A centaur zombie (D:8)
  A troll (D:5)
  Sigmund (D:2)
  A wraith (Ossuary)
  2 sky beasts
  An orc warrior (D:4)
  4 wolves (D:7)
  2 centaurs
  3 ogres
  A bullfrog (D:7)
  A water moccasin zombie (D:5)
  A scorpion (D:4)
  A water moccasin skeleton (D:2)
  A howler monkey (D:4)
  5 crimson imps
  2 orc priests
  A hound (D:4)
  2 jellies
  5 orc wizards
  Jessica (D:2)
  2 iguanas
  6 worker ants
  A mummy (Ossuary)
  A worker ant zombie (D:5)
  6 adders
  A shadow imp (D:5)
  An ooze (D:2)
  2 adder skeletons
  2 worms (D:3)
  A leopard gecko (D:4)
  18 orcs
  5 bats (D:1)
  3 giant cockroaches
  9 goblins
  3 hobgoblins
  15 jackals
  2 kobolds
  2 quokkas
  2 ball pythons
  5 frilled lizards
  6 gnoll skeletons (Ossuary)
  A jackal skeleton (D:4)
  9 kobold skeletons (Ossuary)
  10 orc skeletons (Ossuary)
  5 rats
155 creatures vanquished.

Vanquished Creatures (others)
  An ogre (D:7)
1 creature vanquished.

Grand Total: 156 creatures vanquished

Notes
Turn   | Place    | Note
-------+----------+-------------------------------------------
     0 | D:1      | Chiseanne the Demonspawn Archaeologist began the quest for
                  | the Orb.
     0 | D:1      | Reached XP level 1. HP: 15/15 MP: 1/1
   144 | D:1      | Gained mutation: You have sharp fingernails. [demonic
                  | ancestry]
   144 | D:1      | Reached XP level 2. HP: 17/21 MP: 2/2
  1026 | D:2      | Gained mutation: You are slightly more attuned to the
                  | shadows. [demonic ancestry]
  1026 | D:2      | Reached XP level 3. HP: 27/27 MP: 3/3
  1134 | D:2      | Found a faded altar of an unknown god.
  1135 | D:2      | Found a radiant altar of Vehumet.
  1150 | D:2      | Reached skill level 1 in Armour
  1150 | D:2      | Reached XP level 4. HP: 23/34 MP: 4/4
  1201 | D:2      | Noticed Jessica
  1231 | D:2      | Killed Jessica
  1472 | D:2      | Found a sacrificial altar of Ru.
  1751 | D:2      | Noticed Sigmund
  1792 | D:2      | Killed Sigmund
  1792 | D:2      | Gained mutation: You have large cloven feet. [demonic
                  | ancestry]
  1792 | D:2      | Reached XP level 5. HP: 14/42 MP: 5/5
  1792 | D:2      | Gained mutation: You have a pair of small antennae on your
                  | head. [demonic ancestry]
  1792 | D:2      | Reached XP level 6. HP: 16/48 MP: 6/6
  1792 | D:2      | Identified a scroll of acquirement
  2028 | D:2      | Identified the amulet of Day {Acrobat rN+ Dex+5} (You
                  | acquired it on level 2 of the Dungeon)
  2707 | D:3      | Found a white marble altar of Elyvilon.
  2975 | D:3      | Reached skill level 1 in Bows
  3001 | D:3      | Found a blossoming altar of Fedhas.
  3439 | D:2      | Became a worshipper of Ru the Awakened
  3500 | D:4      | Reached XP level 7. HP: 49/54 MP: 7/7
  3662 | D:4      | Learned a level 3 spell: Confuse
  3892 | D:4      | Reached skill level 1 in Spellcasting
  4073 | D:5      | Entered Level 5 of the Dungeon
  4469 | D:4      | HP: 2/55 [orc warrior/+0 short sword (11)]
  4482 | D:4      | Reached skill level 1 in Hexes
  4482 | D:4      | Reached XP level 8. HP: 5/61 MP: 9/11
  4798 | D:5      | Found an opulent altar of Gozag.
  4799 | D:5      | Found an ancient bone altar of Kikubaaqudgha.
  4800 | D:5      | Found a shattered altar of Ashenzari.
  4801 | D:5      | Found a shadowy altar of Dithmenos.
  4833 | D:5      | Gained mutation: You cannot be stealthy. [Ru sacrifice]
  4878 | D:5      | Found a staircase to the Ecumenical Temple.
  5105 | D:5      | Found a sparkling altar of Nemelex Xobeh.
  5137 | D:5      | Noticed a troll
  5150 | D:5      | Killed a troll
  5297 | D:5      | Found a glowing silver altar of Zin.
  5388 | D:6      | Found an iron altar of Okawaru.
  5779 | D:6      | Got a scorched medium shield
  5781 | D:6      | Identified the +1 medium shield of the Mackerel {Int+7}
                  | (You found it on level 6 of the Dungeon)
  5819 | D:6      | Got a crude war axe
  6046 | D:7      | Found a staircase to the Lair.
  6085 | D:7      | Reached XP level 9. HP: 41/66 MP: 13/15
  6104 | D:7      | Found a sand-covered staircase.
  6111 | Ossuary  | Entered an ossuary
  6275 | Ossuary  | Identified the cursed +1 war axe of Kismet {chop, +Fly MR+
                  | Int+2} (You found it on level 6 of the Dungeon)
  6333 | Ossuary  | Gained mutation: You cannot train Armour skill. [Ru
                  | sacrifice]
  6333 | Ossuary  | Reached * piety under Ru
  6333 | Ossuary  | Reached ** piety under Ru
  6502 | D:7      | Found a glowing golden altar of the Shining One.
  6534 | D:7      | Reached skill level 5 in Bows
  6866 | D:7      | Found a shimmering altar of Xom.
  6867 | D:7      | Found a shimmering altar of Xom.
  6867 | D:7      | Found a shimmering altar of Xom.
  6868 | D:7      | Found a shimmering altar of Xom.
  6869 | D:7      | Found a shimmering altar of Xom.
  6998 | D:7      | Found a basalt altar of Yredelemnul.
  7001 | D:7      | Noticed a profane servitor
  7012 | D:7      | Noticed an angel
  7044 | D:8      | Noticed Grum
  7150 | D:8      | Reached skill level 5 in Spellcasting
  7150 | D:8      | Reached skill level 5 in Hexes
  7243 | D:7      | Slain by an ogre

Skill      XL: |  1  2  3  4  5  6  7  8  9 |
---------------+----------------------------+-----
Dodging        | 3 4 |  4.9
Fighting       | 2 3 4 |  4.5
Armour         | 1 2 3 4 0 |  0.0
Bows           | 1 3 4 5 |  5.7
Spellcasting   | 2 4 5 |  5.2
Hexes          | 1 3 5 |  5.3
Stealth        | 0 |  0.0
Maces & Flails | |  0.8

Action                   |  1- 3 |  4- 6 |  7- 9 || total
-------------------------+-------+-------+-------++-------
Melee: Whip              |    46 |       |       ||    46
       Short sword       |    91 |   185 |       ||   276
       Dagger            |       |       |     3 ||     3
 Fire: Longbow           |       |    28 |   231 ||   259
Throw: Stone             |       |     1 |       ||     1
Invok: Sacrifice Stealth |       |       |     1 ||     1
       Sacrifice Durabil |       |       |     1 ||     1
  Use: Scroll            |     3 |     4 |    21 ||    28
       Potion            |       |     6 |     2 ||     8
 Stab: Sleeping          |     1 |     2 |       ||     3
  Eat: Chunk             |     1 |     4 |    12 ||    17
       Ration            |       |     1 |       ||     1
Armor: Robe              |    61 |       |       ||    61
       Ring mail         |     8 |    83 |    55 ||   146
       Troll leather arm |       |       |    66 ||    66
Dodge: Dodged            |   147 |   112 |   190 ||   449
